 Dungeon Crawl Stone Soup version 0.30-a0-12-gd8047c6341 (webtiles) character file.

Game seed: 10520427236821752816

105 SensoryNuts the Chopper (level 4, -1/40 HPs)
             Began as a Hill Orc Monk on Aug 23, 2022.
             Was a Believer of Beogh.
             Succumbed to Blork the orc's poison
             ... on level 4 of the Dungeon.
             The game lasted 00:03:04 (3048 turns).

SensoryNuts the Chopper (Hill Orc Monk)             Turns: 3048, Time: 00:03:04

Health: -1/40      AC:  8    Str: 15    XL:     4   Next: 83%
Magic:  4/4        EV: 11    Int: 10    God:    Beogh [**....]
Gold:   174        SH:  0    Dex: 13    Spells: 3/3 levels left

rFire   . . .      SeeInvis .    b - +1 battleaxe (flame)
rCold   . . .      Faith    .    (shield currently unavailable)
rNeg    . . .      Spirit   .    d - +0 ring mail
rPois   .          Reflect  .    e - +2 helmet
rElec   .          Harm     .    (no cloak)
rCorr   .          Rampage  .    (no gloves)
Will    .....                    (no boots)
Stlth   +.........               (no amulet)
HPRegen 0.13/turn                (no ring)
MPRegen 0.09/turn                (no ring)

@: lethally poisoned (-1 -> -40), attractive
A: no striking features
a: Renounce Religion, Smiting


You were on level 4 of the Dungeon.
You worshipped Beogh.
Beogh was pleased with you.
You visited 1 branch of the dungeon, and saw 4 of its levels.

You collected 174 gold pieces.

Inventory:

Hand Weapons
 b - a +1 battleaxe of flaming (weapon)
Armour
 d - a +0 ring mail (worn)
 e - a +2 helmet (worn)
Jewellery
 h - a ring of magical power
Wands
 c - a wand of iceblast (10)
 j - a wand of acid (7)
Scrolls
 a - a scroll of amnesia {unknown}
 g - 2 scrolls of fear
 m - 3 scrolls of poison
 o - 2 scrolls of teleportation


   Skills:
 + Level 4.2 Fighting
 * Level 6.1 Axes
 + Level 0.6 Armour
 + Level 2.7 Dodging
 + Level 1.8 Stealth


You had 3 spell levels left.
You didn't know any spells.
Your spell library contained the following spells:

 Spells                   Type           Power      Damage    Failure   Level
 Confusing Touch          Hex            0%         N/A       92%         3
 Yara's Violent Unravell  Hex/Tmut       0%         3d3       100%        5
 Enfeeble                 Hex            0%         N/A       100%        7
 Borgnjor's Revivificati  Necr           0%         N/A       100%        8
 Necromutation            Tmut/Necr      0%         N/A       100%        8
 Death's Door             Necr           0%         N/A       100%        9


Dungeon Overview and Level Annotations

Branches:
Dungeon (4/15)
 Temple: D:4-7

Altars:

Annotations:
D:4 Blork the orc


Message History

The giant cockroach is almost dead.
The giant cockroach bites you but does no damage. x2
You slash the giant cockroach! You burn the giant cockroach.
You kill the giant cockroach!
Beogh accepts your kill.
No target in view!
No target in view!
No target in view!
No target in view!
No target in view!
No target in view!
i - a murky red potion Blork the orc comes into view.
He is wielding a +0 halberd of venom.
Blork the orc is nearby!
Found 7 gold pieces.
Blork the orc shouts!
Blork the orc closely misses you.
Blork the orc looks braver for a moment.
You hit Blork the orc but do no damage. Blork the orc barely misses you.
It was a potion of attraction.
You feel attractive to monsters.
Blork the orc hits you with a +0 halberd of venom!
You are poisoned.
You closely miss Blork the orc.
You feel very sick.
Blork the orc hits you with a +0 halberd of venom.
You are lethally poisoned!
You slash Blork the orc! You burn Blork the orc.
Blork the orc is severely wounded.
* * * LOW HITPOINT WARNING * * *
You feel extremely sick.
Blork the orc hits you with a +0 halberd of venom.
* * * LOW HITPOINT WARNING * * *
You are more poisoned.
Blork the orc gestures at you while chanting.
The puff of flame misses you.
Blink to where?
Press: ? - help, Dir - move target
As you read the scroll of blinking, it crumbles to dust.
You die...

#o# #ยง#
######.#
#......#
#......#
#......# #
#......#####.##
##.............
#..##.@..#.##
##...........#
####..###.#..
#.......#
#.####..# #.#
#.. . #.# #.#
#.# #.# #.###<#


There were no monsters in sight!

Vanquished Creatures
  Ijyb (D:3)
  4 adders
  A worm (D:3)
  3 dart slugs
  2 orcs (D:3)
  3 endoplasms
  3 giant cockroaches
  4 goblins
  3 hobgoblins
  3 jackals (D:1)
  2 quokkas
  4 ball pythons
  4 bats
  3 frilled lizards
  3 kobolds (D:2)
  A rat (D:2)
44 creatures vanquished.

Vanquished Creatures (others)
  A bat (D:3)
  2 ball pythons (D:3)
3 creatures vanquished.

Grand Total: 47 creatures vanquished

Notes
Turn   | Place    | Note
-------+----------+-------------------------------------------
     0 | D:1      | SensoryNuts the Hill Orc Monk began the quest for the Orb.
     0 | D:1      | Reached XP level 1. HP: 19/19 MP: 1/1
   250 | D:1      | Reached XP level 2. HP: 15/27 MP: 2/2
  1209 | D:2      | Reached XP level 3. HP: 23/33 MP: 3/3
  1321 | D:2      | Reached skill level 5 in Axes
  1789 | D:2      | Identified a scroll of acquirement
  1789 | D:2      | Acquired a +1 battleaxe of flaming
  1966 | D:3      | Became a worshipper of Beogh the Brigand
  1966 | D:3      | Reached * piety under Beogh
  1966 | D:3      | Reached ** piety under Beogh
  1970 | D:3      | Noticed Ijyb
  1977 | D:3      | Killed Ijyb
  1978 | D:3      | Reached XP level 4. HP: 27/40 MP: 4/4
  2153 | D:3      | Found a faded altar of an unknown god.
  2350 | D:3      | Reached skill level 6 in Axes
  3038 | D:4      | Noticed Blork the orc
  3048 | D:4      | Succumbed to Blork the orc's poison

Illustrated notes

Levels and vault maps discovered:
D:1:      sevenhm_arrival_forest_fort_large_4, layout_basic
D:2:      layout_basic, hangedman_decor_clover_reticule, kennysheep_nondescript,
          kennysheep_generic_room_3
D:3:      layout_loops_ring, shapermc_ecumenical_altar_flowoftime, uniq_ijyb
D:4:      layout_rooms, uniq_natasha, uniq_blork_the_orc

Skill      XL: |  1  2  3  4 |
---------------+-------------+-----
Fighting       | 4 |  4.2
Axes           | 5 6 |  6.1
Armour         | |  0.6
Dodging        | |  2.7
Stealth        | |  1.8

Action                   |  1- 3 |  4- 6 || total
-------------------------+-------+-------++-------
Melee: Hand axe          |    86 |       ||    86
       Punch             |     1 |       ||     1
       Battleaxe         |     6 |    43 ||    49
Invok: Convert to Beogh  |     1 |       ||     1
  Use: Scroll            |     9 |     3 ||    12
       Potion            |     5 |     2 ||     7
 Stab: Sleeping          |     2 |       ||     2
Armor: Robe              |     5 |       ||     5
       Ring mail         |    29 |    21 ||    50
Dodge: Dodged            |    55 |    36 ||    91

Table legend: (Time is in decaauts)
 A = Elapsed time spent in this place.
 B = Non-inter-level travel time spent in this place.
 C = Inter-level travel time spent in this place.
 D = Time resting spent in this place.
 E = Time spent auto-exploring this place.
 F = Levels seen in this place.
 G = Mean time per level.
                   A        B        C        D        E       F      G
               +--------+--------+--------+--------+--------+-----+--------+
         Total |   3073 |   2976 |     97 |      0 |   2469 |   4 |  768.2 |
       Dungeon |   3073 |   2976 |     97 |      0 |   2469 |   4 |  768.2 |
               +--------+--------+--------+--------+--------+-----+--------+

Top non-repeatable levels by time:
     D:3: 1160 daAuts
     D:1: 1087 daAuts
     D:2: 769 daAuts
     D:4: 56 daAuts
